Match 47937797
Unlisted

Match 47937797
End
Pioneer Squad
Construct Infanterie Kompanie
MG 42 Machine Gun Team
Selects Terror Battlegroup
MG 42 Machine Gun Team
Construct Panzergrenadier Kompanie
Panzergrenadier Squad
251 Medium Carrier
Panzergrenadier Squad
Selects Heavy Gunnery
Selects Contempt for the Weak
Panzergrenadier Squad
Support Elements
Medical Station
StuG III G Assault Gun
Panzergrenadier Officer Quarters
StuG III G Assault Gun
StuG III G Assault Gun
Selects Jericho Trumpet
Jericho Trumpet
StuG III G Assault Gun
Selects Defend the Fatherland
StuG III G Assault Gun
Medical Bunker
ST Hélios | No Game No Life
infernoVenom
Admiral Ding Dong
Wonder
0
0

Comments sign in to comment!

No comments posted yet!